 Dungeon Crawl Stone Soup version 0.30.0-20-g3615ddf2f0 (webtiles) character file.

Game seed: 8212656774731008963

26 qw the Shield-Bearer (level 3, -2/23 HPs)
             Began as a Gargoyle Fighter on May 28, 2023.
             Slain by Terence
             ... wielding a +0 mace
              (6 damage)
             ... on level 2 of the Dungeon.
             The game lasted 00:00:25 (940 turns).

qw the Shield-Bearer (Gargoyle Fighter)              Turns: 940, Time: 00:00:26

Health: -2/23      AC: 13    Str: 21    XL:     3   Next: 8%
Magic:  3/3        EV:  7    Int:  8    God:
Gold:   43         SH:  4    Dex:  9    Spells: 2/2 levels left

rFire   . . .        Y - +2 war axe
rCold   . . .        c - +0 buckler
rNeg    + . .        g - +0 chain mail
rPois   inf          i - +0 helmet
rElec   +            (no cloak)
rCorr   .            (no gloves)
SInv    .            (no boots)
Will    .....        (no amulet) Stlth
                     (no ring)
HPRegen 0.23/turn    (no ring)
MPRegen 0.08/turn

%: no passive effects
@: no status effects
A: sickness immunity, AC +3, negative energy resistance 1, electricity
resistance, torment resistance 1, petrification resistance
a: no special abilities


You were on level 2 of the Dungeon.
You visited 1 branch of the dungeon, and saw 2 of its levels.

You collected 43 gold pieces.


Innate Abilities, Weirdness & Mutations

You are immune to sickness and miasma.
Your stone body is resilient. (AC +3)
You are immune to poison.
You resist negative energy. (rN+)
You are resistant to electric shocks. (rElec)
You are resistant to unholy torment.
You are immune to petrification.


   Skills:
 - Level 3.2 Fighting
 + Level 3.1 Axes
 - Level 3.2 Armour
 - Level 3.2 Shields


You had 2 spell levels left.
You didn't know any spells.
Your spell library was empty.

Inventory:

Hand Weapons
 p - a +0 whip
 Y - a +2 war axe (weapon)
Armour
 c - a +0 buckler (worn)
 g - a +0 chain mail (worn)
 i - a +0 helmet (worn)
Potions
 d - a potion of might
 j - a potion of brilliance {unknown}
 o - a potion of curing {unknown}

Dungeon Overview and Level Annotations

Branches:
Dungeon (2/15)

Altars:

Annotations:
D:2 Terence


Message History

You barely miss the endoplasm. The endoplasm freezes you.
You are frozen.
You slash the endoplasm!
You kill the endoplasm!
You start resting.
HP restored.
A rat comes into view.
You slash the rat!
You kill the rat!
a - a scroll of enchant weapon
913 ||| READING scroll of enchant weapon.
As you read the scroll of enchant weapon, it crumbles to dust.
Your +1 war axe glows red for a moment.
913 ||| ENCHANTING +1 war axe.
Terence the Incautious comes into view.
He is wielding a +0 mace and carrying a wand of light (6).
Terence shouts!
927 ||| Stepping ~*~*~tactically~*~*~ (hiding).
You start waiting.
Terence is nearby!
Terence zaps a wand.
The bolt of light hits you!
Terence zaps a wand.
The bolt of light hits you but does no damage.
You are confused.
Terence hits you with a +0 mace.
You feel less confused.
Terence zaps a wand.
The bolt of light hits you.
You barely miss Terence.
Terence zaps a wand.
The bolt of light hits you.
You are confused.
Terence barely misses you. Terence hits you but does no damage.
You feel less confused. Terence barely misses you.
You barely miss Terence. Terence hits you but does no damage.
Terence hits you with a +0 mace.
You hit Terence but do no damage. Terence hits you with a +0 mace.
You hit Terence but do no damage. Terence hits you with a +0 mace.
You die...

### #.. #.# #.# ###.#
##...# ##..#.#
########..##.#
#.....@@.###.##########
#.######.###............
#........########.
#..####### #. #######..#
#. .........# #.
.#######.# #. #.# #) #.#
#########.


You could see Terence.

Vanquished Creatures
  An adder (D:2)
  2 bats (D:1)
  An endoplasm (D:2)
  A giant cockroach (D:1)
  2 goblins
  A hobgoblin (D:1)
  2 quokkas (D:1)
  A ball python (D:1)
  2 frilled lizards
  2 kobolds (D:1)
  2 rats
17 creatures vanquished.

Notes
Turn   | Place    | Note
-------+----------+-------------------------------------------
     0 | D:1      | qw the Gargoyle Fighter began the quest for the Orb.
     0 | D:1      | Reached XP level 1. HP: 14/14 MP: 1/1
     0 | D:1      | 0 ||| qw: Version: 0.2-a-101-gf8a7cd0
     0 | D:1      | 0 ||| qw: Game counter: 261
     0 | D:1      | 0 ||| qw: Always use a shield: true
     0 | D:1      | 0 ||| qw: God list: Okawaru
     0 | D:1      | 0 ||| qw: Allow faded altars: false
     0 | D:1      | 0 ||| qw: Do Orc after D:15 true
     0 | D:1      | 0 ||| qw: Do second Lair branch before Depths: true
     0 | D:1      | 0 ||| qw: Lair rune preference: random
     0 | D:1      | 0 ||| qw: Plans: Normal, Zot:1-4, Slime:5, God:TSO, Crypt,
                  | Tomb, Pan, Hells, Abyss, Win
     0 | D:1      | 0 ||| PLANNING D:1-11
   248 | D:1      | Reached XP level 2. HP: 19/19 MP: 2/2
   358 | D:1      | 358 ||| Stepping ~*~*~tactically~*~*~ (stealth).
   359 | D:1      | 359 ||| Stepping ~*~*~tactically~*~*~ (stealth).
   414 | D:1      | 414 ||| DROPPING +0 club.
   736 | D:1      | 736 ||| UPGRADING to +0 chain mail.
   746 | D:1      | 746 ||| DROPPING +0 scale mail.
   747 | D:1      | 747 ||| UPGRADING to +0 helmet.
   752 | D:1      | 752 ||| DROPPING ring of wizardry.
   753 | D:1      | 753 ||| READING scroll labelled IPISUIPLENWIMU.
   754 | D:1      | 754 ||| READING scroll labelled NAGGECW LIHIW XYGU.
   755 | D:1      | 755 ||| READING scroll labelled XERUXI SITHOE.
   767 | D:1      | 767 ||| READING scroll labelled ZOHAYMP MESKEU.
   768 | D:1      | 768 ||| READING scroll labelled ARIESY HEEPTU.
   772 | D:1      | 772 ||| READING scroll labelled OTHENO GESSEI.
   865 | D:2      | Reached skill level 3 in Axes
   865 | D:2      | Reached XP level 3. HP: 22/23 MP: 3/3
   913 | D:2      | 913 ||| READING scroll of enchant weapon.
   913 | D:2      | 913 ||| ENCHANTING +1 war axe.
   926 | D:2      | Noticed Terence
   927 | D:2      | 927 ||| Stepping ~*~*~tactically~*~*~ (hiding).
   938 | D:2      | HP: 5/23 [Terence/+0 mace (5)]
   940 | D:2      | Slain by Terence

Levels and vault maps discovered:
D:1:      ldierk_walled_garden_2, layout_basic, hangedman_decor_clover_reticule
D:2:      layout_loops_ring, chequers_jeans, uniq_jessica, uniq_terence

Skill      XL: |  1  2 |
---------------+-------+-----
Axes           | 2 3 |  3.1
Fighting       | |  3.2
Armour         | |  3.2
Shields        | |  3.2

Action                     || total
---------------------------++-------
  Melee: War axe           ||    57
    Use: Scroll            ||     7
 Armour: Scale mail        ||    10
         Chain mail        ||    10
  Dodge: Dodged            ||    21
  Block: Buckler           ||    11

Table legend:
 A = Non-vault XP
 B = Vault XP
 C = Vault XP percentage of total XP
 D = Non-vault monster count
 E = Vault monster count
 F = Vault count percentage of total count
                 A         B        C        D         E       F
            +---------+---------+-------+---------+---------+-------
      Total |      38 |       0 |   0.0 |      17 |       0 |   0.0
            +---------+---------+-------+---------+---------+-------
        D:1 |      19 |       0 |   0.0 |      12 |       0 |   0.0
        D:2 |      19 |       0 |   0.0 |       5 |       0 |   0.0
            +---------+---------+-------+---------+---------+-------
